 Dungeon Crawl Stone Soup version 0.26-a0-1049-g242049e08c (webtiles) character file.

Game seed: 11355147418768812048

2464 Ge0ff the Arsonist (level 9, -4/50 HPs)
             Began as a Tengu Fire Elementalist on Dec 12, 2020.
             Was a Follower of Vehumet.
             Slain by Joseph the cane toad (22 damage)
             ... on level 7 of the Dungeon.
             The game lasted 00:25:09 (7554 turns).

Ge0ff the Arsonist (Tengu Fire Elementalist)        Turns: 7554, Time: 00:25:10

Health: -4/50      AC:  3    Str: 10    XL:     9   Next: 50%
Magic:  12/18      EV: 16    Int: 18    God:    Vehumet [*.....]
Gold:   477        SH:  0    Dex: 14    Spells: 5/18 levels left

rFire    . . .     SeeInvis .   a - +2 spear (venom)
rCold    + . .     Faith    .   (no shield)
rNeg     . . .     Spirit   .   g - +0 leather armour
rPois    +         Reflect  .   (helmet restricted)
rElec    +         Harm     .   (no cloak)
rCorr    .         Rampage  .   (no gloves)
Will     .....                  (boots unavailable)
Stlth    ++........             G - amulet "Juwnennu" {RegenMP rElec}
HPRegen  0.16/turn              h - ring of poison resistance {=R}
MPRegen  0.41/turn              W - ring of protection from cold

@: flying quickly and evasively, quick
A: beak, talons 3, able to fly
a: Stop Flying, Renounce Religion


You were on level 7 of the Dungeon.
You worshipped Vehumet.
Vehumet was aware of your devotion.
You visited 2 branches of the dungeon, and saw 8 of its levels.

You collected 607 gold pieces.
You spent 130 gold pieces at shops.

Inventory:

Hand Weapons
 a - a +2 spear of venom (weapon)
 b - a +3 dagger of venom
 w - a +2 dagger of freezing
Missiles
 D - 3 boomerangs (quivered)
 Z - 7 atropa-tipped darts
Armour
 g - a +0 leather armour (worn)
 O - a +2 ring mail of cold resistance
 Q - +1 acid dragon scales
Jewellery
 h - a ring of poison resistance (left hand) {=R}
 G - the amulet "Juwnennu" (around neck) {RegenMP rElec}
   (You found it on level 6 of the Dungeon)

   [amulet of magic regeneration]

   It increases your magic regeneration.
   It insulates you from electricity.
 K - an uncursed amulet of guardian spirit
 W - a ring of protection from cold (right hand)
Wands
 d - a wand of digging (2)
 P - a wand of polymorph (5)
Scrolls
 f - a scroll of fog {unknown}
 C - 4 scrolls of remove curse
 L - a scroll of enchant armour
 M - a scroll of magic mapping {unknown}
 R - 2 scrolls of immolation {unknown}
 T - 6 scrolls of teleportation
 X - 2 scrolls of random uselessness {unknown}
 Y - 4 scrolls of amnesia {unknown}
Potions
 j - a potion of attraction {unknown}
 o - 2 potions of ambrosia
 q - 2 potions of curing
 E - a potion of degeneration {unknown}
 F - 2 potions of resistance {unknown}
 H - 2 potions of lignification {unknown}
 I - a potion of cancellation {unknown}
 J - a potion of heal wounds {unknown}
 N - a potion of magic {unknown}
 S - 3 potions of might {unknown}
 U - a potion of mutation {unknown}
 V - a potion of haste {unknown}


   Skills:
 - Level 3.0 Fighting
 - Level 4.0 Armour
 - Level 4.0 Dodging
 - Level 2.0 Stealth
 + Level 5.4 Spellcasting
 - Level 6.0 Conjurations
 - Level 2.0 Hexes
 * Level 8.0 Fire Magic
 + Level 3.8 Evocations


You had 5 spell levels left.
You knew the following spells:

 Your Spells              Type           Power        Failure   Level
j - Inner Flame           Hex/Fire       ###.....     6%          3
k - Sticky Flame          Conj/Fire      ####....     10%         4
m - Fireball              Conj/Fire      ####......   26%         5
s - Foxfire               Conj/Fire      ####         1%          1

Your spell library contained the following spells:

 Spells                   Type           Power        Failure   Level
 Sandblast                Erth           #.....       17%         1
 Conjure Flame            Conj/Fire      ####....     2%          3


Dungeon Overview and Level Annotations

Branches:
Dungeon (7/15)             Temple (1/1) D:5

Altars:
Ashenzari
Gozag
Hepliaklqana
Kikubaaqudgha
Makhleb
Nemelex Xobeh
Okawaru
Qazlal
Ru
Sif Muna
Trog
Uskayaw
Vehumet
Wu Jian
Xom
Yredelemnul
Zin
The Shining One

Shops:
D:4 (   D:5 *:   D:6 *

Annotations:
D:5 Sigmund
D:6 1 runed translucent door, AnimeWaifu's ghost, novice DDFi
D:7 Joseph


Innate Abilities, Weirdness & Mutations

You have a beak for a mouth.
You have claws for feet.
You can fly continuously.


Message History

The foxfire hits Joseph but does no damage.
Joseph is moderately wounded.
The foxfire hits the spectral weapon.
The spectral weapon resists.
The spectral weapon is lightly damaged.
Joseph misses you. The spectral weapon hits you! Joseph stings you!!
Joseph burns!
The spectral weapon hits you but does no damage.
The spectral weapon fades away.
Joseph burns!
Joseph burns!
Joseph burns!
Joseph stops burning.
Casting: Sticky Flame (dangerous; 10% risk of failure)
Confirm with . or Enter, or press ? or * to list all spells.
Aiming: Sticky Flame (dangerous; 10% risk of failure)
Press: ? - help, Shift-Dir - straight line, f/p - Joseph
Aim: Joseph the cane toad (severely wounded, 0% to evade)
The sticky flame hits Joseph but does no damage.
Joseph is severely wounded.
Joseph is covered in liquid flames!
Joseph burns!
Joseph stings you!!
You die...

##...........##.#####
#...................#
###.?.................
.....................##
##..##.................
..###................#
..##.................#
.....................#
...............F@/..##
.......##...........#
........#......##...........#
...........##.......#...#...#
.........####.##.......##...
...........##..........##..
............#.............## ##
...........##..............##..#
...........#...................#


You could see Joseph the cane toad (burning).

Vanquished Creatures
  Edmund (D:5)
  Duvessa (D:4)
  3 ice beasts
  2 black bears (D:7)
  2 orc warriors
  A phantom (D:6)
  3 ogres
  3 centaurs
  2 scorpions (D:5)
  Dowan (D:4)
  A centaur zombie (D:7)
  3 hounds
  A gnoll shaman (D:6)
  A bullfrog zombie (D:5)
  2 orc priests (D:6)
  Natasha (thrice) (D:4)
  3 iguanas
  4 worker ants
  3 orc wizards
  Robin (D:3)
  7 gnolls
  9 adders
  A shadow imp (D:6)
  A white imp (D:7)
  2 oozes
  6 worms
  2 dart slugs (D:2)
  5 leopard geckos
  17 orcs
  4 bats
  7 giant cockroaches
  16 goblins
  9 hobgoblins
  14 jackals
  3 quokkas
  5 frilled lizards
  5 kobolds
  10 rats
164 creatures vanquished.

Vanquished Creatures (others)
  699 foxfires
  3 plants (D:6)
702 creatures vanquished.

Grand Total: 866 creatures vanquished

Notes
Turn   | Place    | Note
-------+----------+-------------------------------------------
     0 | D:1      | Ge0ff the Tengu Fire Elementalist began the quest for the
                  | Orb.
     0 | D:1      | Reached XP level 1. HP: 10/10 MP: 4/4
   259 | D:1      | Reached skill level 1 in Fighting
   484 | D:1      | Reached XP level 2. HP: 16/16 MP: 4/6
  1059 | D:2      | Reached XP level 3. HP: 20/20 MP: 5/7
  1282 | D:2      | Reached skill level 4 in Fire Magic
  1316 | D:2      | Reached XP level 4. HP: 25/25 MP: 4/8
  1348 | D:2      | Found a hazy altar of Hepliaklqana.
  1373 | D:2      | Learned a level 3 spell: Inner Flame
  1688 | D:3      | Noticed Robin
  1721 | D:3      | Killed Robin
  1722 | D:3      | Gained mutation: You can fly continuously. [Tengu growth]
  1722 | D:3      | Reached XP level 5. HP: 29/29 MP: 1/9
  2036 | D:3      | Reached skill level 1 in Hexes
  2062 | D:3      | Reached skill level 5 in Fire Magic
  2504 | D:4      | Reached XP level 6. HP: 34/34 MP: 7/11
  2531 | D:4      | Learned a level 4 spell: Sticky Flame
  2812 | D:4      | Reached skill level 1 in Armour
  2812 | D:4      | Reached skill level 1 in Evocations
  2812 | D:4      | Reached XP level 7. HP: 38/38 MP: 7/12
  2919 | D:4      | Found Tuefrok's Weapon Emporium.
  2928 | D:4      | Noticed Dowan
  2933 | D:4      | Noticed Natasha
  2933 | D:4      | Noticed Duvessa
  2933 | D:4      | Killed Dowan
  2935 | D:4      | Killed Natasha
  3239 | D:4      | Killed Duvessa
  3640 | D:4      | Found Tuefrok's Weapon Emporium.
  3676 | D:4      | Noticed Natasha
  3679 | D:4      | Killed Natasha
  3818 | D:4      | Noticed Natasha
  3822 | D:4      | Killed Natasha
  3842 | D:5      | Entered Level 5 of the Dungeon
  3854 | D:5      | Found Odicycef's Book Boutique.
  3867 | D:5      | Found a glowing golden altar of the Shining One.
  3911 | D:5      | Noticed Edmund
  4004 | D:5      | Reached skill level 6 in Fire Magic
  4149 | D:5      | Reached XP level 8. HP: 38/45 MP: 8/14
  4349 | D:5      | Found Gozag's Platinum Reserve.
  4350 | D:5      | Found an opulent altar of Gozag.
  4383 | D:5      | Killed Edmund
  4429 | D:5      | Reached skill level 5 in Conjurations
  4455 | D:5      | Found a sacrificial altar of Ru.
  4481 | D:5      | Found a burning altar of Makhleb.
  4562 | D:5      | Found a staircase to the Ecumenical Temple.
  4575 | Temple   | Entered the Ecumenical Temple
  4619 | Temple   | Became a worshipper of Vehumet
  4643 | D:5      | Noticed Sigmund
  4886 | D:6      | Found a glowing golden altar of the Shining One.
  4919 | D:6      | Reached skill level 7 in Fire Magic
  5916 | D:6      | Reached skill level 5 in Spellcasting
  5916 | D:6      | Reached XP level 9. HP: 50/50 MP: 14/17
  5986 | D:6      | Learned a level 5 spell: Fireball
  6284 | D:6      | Found a runed translucent door.
  6285 | D:6      | Noticed AnimeWaifu's ghost (novice DDFi)
  6421 | D:6      | Got a steaming emerald amulet
  6433 | D:6      | Identified the amulet "Juwnennu" {RegenMP rElec} (You found
                  | it on level 6 of the Dungeon)
  6443 | D:6      | Found Suuronea's Assorted Antiques.
  6452 | D:6      | Bought 2 smoky brown potions for 41 gold pieces
  6452 | D:6      | Bought a smoky blue potion for 20 gold pieces
  6452 | D:6      | Bought 3 scrolls labelled ASIDWEN VUIL for 69 gold pieces
  6932 | D:7      | Found a bloodstained altar of Trog.
  7209 | D:7      | Reached * piety under Vehumet
  7209 | D:7      | Offered knowledge of Sandblast by Vehumet.
  7529 | D:7      | Reached skill level 8 in Fire Magic
  7536 | D:7      | Noticed Joseph
  7538 | D:7      | Noticed Joseph
  7538 | D:7      | Joseph changed into Joseph the cane toad
  7554 | D:7      | Slain by Joseph the cane toad

Illustrated notes

Levels and vault maps discovered:
D:1:      wander_arrival_chamber, layout_basic, chequers_avenue,
          minmay_misc_feat_encased, hangedman_decor_lopped
D:2:      layout_rooms, lemuel_crystal_altar
D:3:      layout_loops_cross, grunt_ministairs_2, minmay_pentangle, uniq_robin
D:4:      kennysheep_spiral_hall, layout_rooms, serial_shops, shop,
          uniq_duvessa, uniq_natasha
D:5:      layout_basic, kennysheep_little_box, old_standard_altar,
          lemuel_crystal_altar, serial_shops, nicolae_shop_crystal,
          nicolae_gozag_zags_fifth_avenue, uniq_crazy_yiuf_cottage, uniq_edmund,
          uniq_sigmund
D:6:      layout_basic, basic_altar, ebering_ghost_reflecting_pool,
          serial_shops, nicolae_shop_overgrown_old_shop, minivault_26
D:7:      layout_cave_pools, trog_ov_bears_minmay, kennysheep_mini, uniq_joseph
Temple:   nicolae_temple_god_jail

Skill      XL: |  1  2  3  4  5  6  7  8  9 |
---------------+----------------------------+-----
Fighting       | 1 2 3 |  3.0
Conjurations   | 2 3 4 5 6 |  6.0
Fire Magic     | 4 5 6 7 8 |  8.0
Hexes          | 1 2 |  2.0
Spellcasting   | 3 5 |  5.4
Armour         | 1 2 3 4 |  4.0
Evocations     | 1 2 3 |  3.8
Dodging        | 3 4 |  4.0
Stealth        | |  2.0

Action                   |  1- 3 |  4- 6 |  7- 9 || total
-------------------------+-------+-------+-------++-------
Melee: Spear             |     3 |     4 |    16 ||    23
       Kick              |     2 |       |     4 ||     6
 Cast: Foxfire           |    47 |   127 |   231 ||   405
       Sticky Flame      |       |       |     8 ||     8
       Inner Flame       |       |       |     2 ||     2
 Abil: Fly               |       |       |     1 ||     1
Evoke: Wand              |       |       |     5 ||     5
  Use: Scroll            |     2 |     4 |     3 ||     9
       Potion            |       |       |     1 ||     1
 Stab: Sleeping          |       |     1 |       ||     1
Armor: Robe              |     1 |     7 |     7 ||    15
Dodge: Dodged            |     6 |    18 |    61 ||    85

Table legend: (Time is in decaauts)
 A = Elapsed time spent in this place.
 B = Non-inter-level travel time spent in this place.
 C = Inter-level travel time spent in this place.
 D = Time resting spent in this place.
 E = Time spent auto-exploring this place.
 F = Levels seen in this place.
 G = Mean time per level.
                   A        B        C        D        E       F      G
               +--------+--------+--------+--------+--------+-----+--------+
         Total |   7367 |   6985 |    382 |   1080 |   4400 |   8 |  920.9 |
       Dungeon |   7314 |   6945 |    369 |   1080 |   4371 |   7 | 1044.9 |
        Temple |     53 |     41 |     12 |      0 |     29 |   1 |   53.0 |
               +--------+--------+--------+--------+--------+-----+--------+

Top non-repeatable levels by time:
     D:5: 1561 daAuts
     D:6: 1362 daAuts
     D:3: 1128 daAuts
     D:4: 1080 daAuts
     D:1: 865 daAuts
     D:2: 737 daAuts
     D:7: 578 daAuts
  Temple: 53 daAuts
